 Dungeon Crawl Stone Soup version 0.20-a0-739-g6bb112f (webtiles) character file.

278 useraccount the Slasher (level 6, -19/48 HPs)
             Began as a Human Monk on Feb 25, 2017.
             Demolished by an ogre
             ... wielding a +0 giant club
              (22 damage)
             ... on level 3 of the Dungeon.
             The game lasted 00:03:18 (3436 turns).

useraccount the Slasher (Human Monk)                Turns: 3436, Time: 00:03:18

Health: -19/48     AC:  6    Str: 13    XL:     6   Next: 51%
Magic:  6/6        EV: 12    Int: 10    God:
Gold:   156        SH:  0    Dex: 16    Spells: 5/5 levels left

rFire    . . .     SeeInvis .   a - +0 falchion
rCold    . . .     Gourm    .   f - +0 ring mail
rNeg     . . .     Faith    .   (no shield)
rPois    .         Spirit   .   (no helmet)
rElec    .         Reflect  .   (no cloak)
rCorr    .         Harm     .   i - +0 pair of gloves
MR       .....                  (no boots)
Stlth    +.........             (no amulet)
Regen    0.2/turn               (no ring)
MPRegen  0.1/turn               (no ring)

@: no status effects
A: no striking features
a: no special abilities


You were on level 3 of the Dungeon.
You were not hungry.

You visited 1 branch of the dungeon, and saw 3 of its levels.

You collected 156 gold pieces.

Inventory:

Hand Weapons
 a - a +0 falchion (weapon)
Missiles
 r - 3 javelins (quivered)
Armour
 f - a +0 ring mail (worn)
 i - a +0 pair of gloves (worn)
Scrolls
 b - 2 scrolls of teleportation {unknown}
 e - 2 scrolls of identify {unknown}
 g - a scroll of recharging {unknown}
 l - 3 scrolls of remove curse {unknown}
 m - a scroll of enchant armour {unknown}
 q - a scroll of immolation {unknown}
 s - a scroll of enchant weapon {unknown}
Potions
 d - 2 potions of degeneration {unknown}
 j - 2 potions of might
 n - a potion of agility {unknown}
 o - a potion of magic {unknown}
Comestibles
 c - 4 bread rations
 h - a fruit
 k - 2 meat rations
 p - 3 chunks of flesh


   Skills:
 - Level 4.0 Fighting
 * Level 4.8 Long Blades
 + Level 2.5 Armour
 + Level 3.9 Dodging
 - Level 2.0 Stealth


You had 5 spell levels left.
You didn't know any spells.

Dungeon Overview and Level Annotations

Branches:
Dungeon (3/15)

Altars:
Makhleb


Message History

An ogre is nearby!
No reachable target in view!
No reachable target in view!
The ogre moves out of view.
Something hits the plant.
Something hits the plant!!
Something hits the plant!
Some of the chunks of flesh in your inventory have rotted away.
The ogre hits you with a giant club!
You hit the ogre.
The ogre is lightly wounded.
The ogre hits you with a giant club!
You hit the ogre.
The ogre is moderately wounded.
The ogre hits you with a giant club!!
* * * LOW HITPOINT WARNING * * *
You hit the ogre but do no damage.
The ogre is moderately wounded.
The ogre hits you with a giant club!!
You die...

#.#...).'..(# ####
#.#+#####(..#
...#######...##......#####
..........................
...#######...........#####
#### ###...†.##### ..
#.....# #.#P #.....# ..P≈P
############....@##P.P≈≈≈
.................O.PP≈≈≈♣
##################PP≈≈♣≈♣
# P≈≈≈♣ # ≈P≈≈♣ # ≈≈P≈♣ ##


.PPPP≈ .#### ..PPPP≈ .'..# #####≈. You could see an ogre.

Vanquished Creatures
  An orc priest (D:3)
  A hound (D:3)
  2 orc wizards (D:3)
  A worker ant (D:2)
  6 adders
  An adder zombie (D:3)
  4 dart slugs
  13 orcs
  2 giant cockroaches
  5 hobgoblins
  7 kobolds
  A quokka (D:3)
  6 bats
  4 frilled lizards
  11 goblins
  3 rats
68 creatures vanquished.

Vanquished Creatures (others)
  5 plants (D:3)
5 creatures vanquished.

Grand Total: 73 creatures vanquished

Notes
Turn   | Place    | Note
-------+----------+-------------------------------------------
     0 | D:1      | useraccount the Human Monk began the quest for the Orb.
     0 | D:1      | Reached XP level 1. HP: 18/18 MP: 1/1
    80 | D:1      | Reached XP level 2. HP: 13/24 MP: 2/2
   499 | D:1      | Reached skill level 1 in Armour
   525 | D:1      | Reached XP level 3. HP: 29/29 MP: 3/3
  1199 | D:2      | Reached XP level 4. HP: 28/35 MP: 4/4
  2085 | D:2      | Reached XP level 5. HP: 12/41 MP: 5/5
  2352 | D:3      | Found a burning altar of Makhleb.
  2353 | D:3      | Noticed a balrug
  2368 | D:3      | HP: 1/42 [orc (3)]
  2904 | D:3      | Reached XP level 6. HP: 44/48 MP: 6/6
  3422 | D:3      | Noticed an ogre
  3435 | D:3      | HP: 2/48 [ogre/giant club (21)]
  3436 | D:3      | Demolished by an ogre

Vault maps used:
D:1:      shiori_arrival_elements
D:3:      serial_bayou, serial_bayou_pond_a, serial_bayou_pond_e,
          serial_bayou_lagoon_a, serial_bayou_crossing, serial_bayou_shore_a,
          serial_bayou_pond_e, first_bread, minmay_misc_feat_encased,
          makhleb_altar_promises_db

Skill      XL: |  1  2  3  4  5  6 |
---------------+-------------------+-----
Armour         | 1 2 |  2.5
Long Blades    | 4 |  4.8
Fighting       | 4 |  4.0
Dodging        | |  3.9
Stealth        | |  2.0

Action                   |  1- 3 |  4- 6 || total
-------------------------+-------+-------++-------
Melee: Falchion          |    71 |   217 ||   288
  Use: Potion            |       |     3 ||     3
 Stab: Sleeping          |     6 |       ||     6
  Eat: Chunk             |     1 |     8 ||     9
Armor: Robe              |     4 |       ||     4
       Leather armour    |     4 |     5 ||     9
       Ring mail         |       |    87 ||    87
Dodge: Dodged            |    51 |   159 ||   210
       Rpst.: Falchion   |    17 |    47 ||    64
